 Dungeon Crawl Stone Soup version 0.30-b1-2-g02819fbbbe (webtiles) character file.

Game seed: 13680049606284501714

10 Alarkh the Vexing (level 2, 21/21 HPs)
             Began as a Demonspawn Hexslinger on May 23, 2023.
             Got out of the dungeon alive.
             The game lasted 00:00:52 (821 turns).

Alarkh the Vexing (Demonspawn Hexslinger)            Turns: 821, Time: 00:00:52

Health: 21/21      AC:  3    Str: 10    XL:     2   Next: 10%
Magic:  3/3        EV: 12    Int: 14    God:
Gold:   34         SH:  0    Dex: 13    Spells: 2/3 levels left

rFire   . . .        a - +1 sling
rCold   . . .        (no shield)
rNeg    + . .        c - +0 robe
rPois   .            (helmet restricted)
rElec   .            (no cloak)
rCorr   .            (no gloves)
SInv    .            j - +0 pair of boots
Will    .....        (no amulet)
Stlth   +            d - ring of positive energy
HPRegen 0.23/turn    (no ring)
MPRegen 0.08/turn

%: no passive effects
@: no status effects
A: antennae 1
a: no special abilities


You escaped.
You visited 1 branch of the dungeon, and saw 2 of its levels.

You collected 67 gold pieces.
You spent 33 gold pieces at shops.

Inventory:

Hand Weapons
 a - a +1 sling (weapon)
Armour
 c - a +0 robe (worn)
 j - a +0 pair of boots (worn)
Jewellery
 d - a ring of positive energy (left hand)
Scrolls
 b - 2 scrolls of poison
 f - a scroll of magic mapping {unknown}
 h - a scroll of enchant armour {unknown}
 i - a scroll of fear {unknown}
 k - a scroll of identify {unknown}
Potions
 e - a potion of attraction {unknown}
 g - 2 potions of curing


   Skills:
 - Level 1.0 Fighting
 * Level 2.5 Ranged Weapons
 - Level 1.7 Dodging
 + Level 0.1 Stealth
 - Level 1.0 Spellcasting
 - Level 3.0 Hexes


You had 2 spell levels left.
You knew the following spells:

 Your Spells              Type           Power      Damage    Failure   Level
a - Slow                  Hex            36%        N/A       8%          1

Your spell library contained the following spells:

 Spells                   Type           Power      Damage    Failure   Level
 Inner Flame              Hex/Fire       4%         N/A       38%         3
 Portal Projectile        Hex/Tloc       8%         N/A       38%         3
 Cause Fear               Hex            4%         N/A       58%         4


Dungeon Overview and Level Annotations

Branches:
Dungeon (2/15)

Altars:

Shops:
D:1 *


Innate Abilities, Weirdness & Mutations

You have a pair of small antennae on your head.


Message History

You continue putting on your +0 pair of boots. x4
You finish putting on your +0 pair of boots.
d - a ring of positive energy (left hand)
(D) Dungeon
Where to? (Enter - D:1 @ (x,y), ? - help)
You shoot a sling bullet. The sling bullet hits the butterfly.
You kill the butterfly!
There is a stone staircase leading down here.
You climb downwards.
Found a scroll of poison.
There is a stone staircase leading up here.
b - 2 scrolls of poison (gained 1)
k - a scroll labelled NOABUH GECUU You now have 34 gold pieces (gained 10).
Found a stone staircase leading down.
There is a stone staircase leading down here.
Found a stone staircase leading down.
Found 5 poisoned darts.
Found a faded altar of an unknown god.
A dart slug comes into view.
A dart slug is nearby!
You shoot a sling bullet. The sling bullet hits the dart slug.
The dart slug is severely wounded.
You shoot a sling bullet. The sling bullet hits the dart slug.
The dart slug is almost dead.
You shoot a sling bullet. The sling bullet hits the dart slug.
You kill the dart slug!
You have reached level 2!
Your demonic ancestry asserts itself...
A pair of antennae grows on your head!
Found a stone staircase leading up.
Found a stone staircase leading up.
There is a stone staircase leading up here.
You climb upwards.
There is a stone staircase leading down here.
You see here a +0 ring mail.
There is a fountain of sparkling water here.
There is a staircase leading out of the dungeon here.
Are you sure you want to leave the Dungeon?
This will make you lose the game!
You have escaped!

......#.........# ##.....##
.#.#....#..#.#### ##...##
.#....###.##.#########.##
.#..#[.#...............#
.#.###..............####
...#...#......PPP⌠..⌠##
#...........PP.♣PP.P..#
.##.####...P.♣P♣.P.PP.#######
>##.# #.PPP.P♣P@..PPP......#
....# #....PP♣P.P.P...####.#
### .####
#.....PP...PP...####.###.. .##
#...⌠.........#.#......... ).##
##..............#.##.###.#
...## ##......⌠...........# ###
....# ##..b...PP♣♣.##.########
###.#######......P♣♣P.##.# #...
#.#............PP...##.#####...


There were no monsters in sight!

Vanquished Creatures
  A dart slug (D:2)
  A bat (D:1)
  An endoplasm (D:1)
  A giant cockroach (D:1)
  A hobgoblin (D:1)
  2 kobolds (D:1)
  2 butterflies (D:1)
9 creatures vanquished.

Vanquished Creatures (others)
  2 plants (D:1)
2 creatures vanquished.

Grand Total: 11 creatures vanquished

Notes
Turn   | Place    | Note
-------+----------+-------------------------------------------
     0 | D:1      | Alarkh the Demonspawn Hexslinger began the quest for the
                  | Orb.
     0 | D:1      | Reached XP level 1. HP: 15/15 MP: 2/2
   345 | D:1      | Found Aredatre's General Store.
   353 | D:1      | Bought a potion of curing for 33 gold pieces
   767 | D:2      | Found a faded altar of an unknown god.
   773 | D:2      | Gained mutation: You have a pair of small antennae on your
                  | head. [demonic ancestry]
   773 | D:2      | Reached XP level 2. HP: 21/21 MP: 3/3
   821 | D:$      | Got out of the dungeon alive.

Illustrated notes

Levels and vault maps discovered:
D:1:      spicycebolla_arrival_clurvy, layout_loops_cross, serial_shops, shop,
          minmay_pentomino_r2
D:2:      layout_loops_cross, serial_shops, shop,
          ebering_ecumenical_altar_petrified, dreamdust_princess_corridor,
          chequers_jeans

Skill      XL: |  1 |
---------------+----+-----
Ranged Weapons | 2 |  2.5
Fighting       | |  1.0
Dodging        | |  1.7
Stealth        | |  0.1
Spellcasting   | |  1.0
Hexes          | |  3.0

Action                     || total
---------------------------++-------
   Fire: Sling             ||    30
 Armour: Robe              ||     4
  Dodge: Dodged            ||     9
